[Event "Live Chess"]
[Site "Chess.com"]
[Date "2024.06.02"]
[Round "-"]
[White "ProfPoisson"]
[Black "Duke_of_Bebington"]
[Result "1-0"]
[WhiteElo "1347"]
[BlackElo "1574"]
[TimeControl "300"]
[EndTime "7:54:21 PDT"]
[Termination "ProfPoisson won by checkmate"]

1. e4 e5 2. Nf3 Nf6 3. Nxe5 d6 4. Nxf7 Kxf7 5. d4 Be6 6. Nc3 Nbd7 7. f4 Bg4 8. Be2 Bxe2 9. Qxe2 Be7 10. O-O Rf8 11. e5 Ne8 12. Qc4+ Kg6 13. Qe6+ Nef6 14. exf6 Rxf6 15. f5+ Kh5 16. Qe2+ Kh4 17. Rf4+ Kg5 18.
Qg4+ Kh6 19. Qh4# 1-0

[Event "Live Chess"]
[Site "Chess.com"]
[Date "2024.06.02"]
[Round "-"]
[White "Hazban"]
[Black "grillage"]
[Result "1-0"]
[WhiteElo "2055"]
[BlackElo "1853"]
[TimeControl "300"]
[EndTime "7:54:37 PDT"]
[Termination "Hazban won on time"]

1. d4 e6 2. e4 d5 3. exd5 exd5 4. Bd3 Nf6 5. h3 c5 6. c3 Nc6 7. Nf3 c4 8. Bc2 Bd6 9. O-O O-O 10. Bg5 h6 11. Bh4 Re8 12. Nbd2 Be7 13. Re1 b5 14. a4 b4 15. Ne5 Qc7 16. Ndf3 b3 17. Bb1 Be6 18.
Bg3 Bd6 19. Nxc6 Qxc6 20. Ne5 Qc7 21. f4 Rab8 22. f5 Bd7 23. Qf3 a5 24. Bf4 Qc8 25. g4 Bc6 26. Nxc6 Qxc6 27. Rf1 Ne4 28. g5 Bxf4 29. Qxf4 hxg5 30. Qg4 Qh6 31. Bxe4 Rxe4 32. Qg3 Rbe8 33. Rf3 Re2 34. Rf2 Qh5 35. Raf1 R2e3 36. Rf3 Rxf3 37. Rxf3 Re2 38. Rf2 Rxf2 39. Kxf2 Qd1 40.
Qxg5 Qc2+ 41. Kg3 Qxb2 42. Qd8+ Kh7 43. Qxd5 Qxc3+ 44. Kg4 b2 45. Qe4 Qc1 46. f6+ g6 47. Qe7 Qd1+ 48. Kg3 Qg1+ 49. Kf3 1-0

[Event "Live Chess"]
[Site "Chess.com"]
[Date "2024.06.02"]
[Round "-"]
[White "DJ_Lambton"]
[Black "imchessive"]
[Result "1-0"]
[WhiteElo "1799"]
[BlackElo "1593"]
[TimeControl "300"]
[EndTime "7:54:50 PDT"]
[Termination "DJ_Lambton won by checkmate"]

1. c4 f5 2. g3 Nf6 3. Bg2 d6 4. Nc3 c6 5. e3 a5 6. Nge2 g6 7. O-O Na6 8. b3 Nb4 9. d4 d5 10. cxd5 Nbxd5 11. Nxd5 cxd5 12. Ba3 Bd7 13. Nf4 e6 14.
Bxf8 Kxf8 15. Rc1 Kf7 16. Nd3 Qe7 17. Qd2 Rac8 18. Ne5+ Kg7 19. Rxc8 Rxc8 20. Rc1 Ne4 21. Bxe4 fxe4 22. Rxc8 Bxc8 23. Qc3 Qd8 24. Qc5 Bd7 25.
Qd6 Qg5 26. Qxd7+ Kg8 27. Qf7+ Kh8 28. Qf8# 1-0

[Event "Live Chess"]
[Site "Chess.com"]
[Date "2024.06.02"]
[Round "-"]
[White "McCarthyStone"]
[Black "Vladyslav2008"]
[Result "1-0"]
[WhiteElo "2464"]
[BlackElo "2270"]
[TimeControl "300"]
[EndTime "7:55:00 PDT"]
[Termination "McCarthyStone won by checkmate"]

1. b3 Nf6 2. Bb2 g6 3. Bxf6 exf6 4. c4 Bg7 5. Nc3 O-O 6. g3 f5 7. Bg2 d6 8. e3 Nc6 9. Nge2 h5 10. h4 Re8 11.
Nf4 Ne5 12. d4 Ng4 13. O-O c5 14. Ncd5 Bd7 15. Rc1 Bc6 16. a3 a5 17. Qd2 b5 18. cxb5 Bxb5 19. Rfd1 cxd4 20. Nc7 dxe3 21. fxe3 Nxe3 22. Bxa8 Nxd1 23. Nxe8 Qxe8 24. Bd5 Nb2 25.
Rc7 Bd7 26. Nxg6 Qd8 27. Rb7 a4 28. b4 Bc6 29. Bxc6 fxg6 30. Rxg7+ Kxg7 31. Qxb2+ Kh7 32. Qd4 Qe7 33. Kf2 Qe6 34. Bf3 Qa2+ 35. Be2 Qxa3 36. Qxd6 Qc3 37. Qe7+ Kh6 38. Qg5+ Kg7 39. b5 Qc5+ 40.
Qe3 Qd6 41. b6 Qb8 42. Qd4+ Kh6 43. Qd2+ Kg7 44. Qc3+ Kf7 45. Qc7+ Qxc7 46. bxc7 a3 47. c8=Q Kf6 48. Qc4 Ke7 49. Qa2 Kd6 50. Qxa3+ Ke5 51. Qe3+ Kd6 52. Qg5 Kc7 53. Bxh5 Kc6 54. Bxg6 Kb6 55.
Bxf5 Ka5 56. Bg4+ Kb6 57. h5 Ka6 58. h6 Kb6 59. h7 Ka6 60. h8=Q Kb6 61. Qhh6+ Kc7 62. Qgg7+ Kb8 63. Qhh8# 1-0

[Event "Live Chess"]
[Site "Chess.com"]
[Date "2024.06.02"]
[Round "-"]
[White "V1nas"]
[Black "RamsayFlayer"]
[Result "0-1"]
[WhiteElo "1319"]
[BlackElo "1936"]
[TimeControl "300"]
[EndTime "7:55:10 PDT"]
[Termination "RamsayFlayer won by resignation"]

1. d4 d5 2. Nc3 c5 3. Nf3 e6 4.
e4 dxe4 5. Nxe4 cxd4 6. Bb5+ Bd7 7. Bxd7+ Qxd7 8. Qxd4 Qxd4 9. Nxd4 Nd7 10. O-O Nc5 11.
Re1 Nxe4 12. Rxe4 Nf6 13. Re2 O-O-O 14. c3 Bc5 15. Nf3 Rd1+ 16. Re1 Rhd8 17. Bg5 Rxa1 18.
Rxa1 Rd5 19. Bxf6 gxf6 20. Ne1 Rd2 21. Kh1 Rxb2 22. Nd3 Rb5 23. a4 Ra5 24. Nxc5 Rxc5 25. Ra3 Kd7 26. g3 Kd6 27. Kg2 Kd5 28. f4 Ke4 29.
Kf2 Kd3 30. a5 Rxc3 31. Ra4 Rc2+ 32. Kg1 Ke3 33. Ra3+ Ke2 34. Rb3 Rc7 35. Rb2+ Kf3 36. Rb3+ Kg4 37. Kf2 Kh3 38. Rb2 Kxh2 39. Kf3+ Kh3 40.
Rb3 e5 41. f5 e4+ 42. Kxe4 Kg4 43. Rb4 Kxg3 44. Kd5 h5 45. Rb3+ Kg4 46. Rb5 Kxf5 47. Kd6+ Kg4 48. Kxc7 h4 49. Rb4+ Kg5 50. Kd6 f5 51.
Ke5 h3 52. Rf4 f6+ 0-1

[Event "Live Chess"]
[Site "Chess.com"]
[Date "2024.06.02"]
[Round "-"]
[White "gobbles19"]
[Black "bill77678"]
[Result "1-0"]
[WhiteElo "2216"]
[BlackElo "1841"]
[TimeControl "300"]
[EndTime "7:55:10 PDT"]
[Termination "gobbles19 won by resignation"]

1. e4 c6 2. d4 d5 3. e5 c5 4. dxc5 e6 5. Be3 Nd7 6. c4 Bxc5 7. Bxc5 Nxc5 8. cxd5 Qxd5 9. Qxd5 exd5 10. Nf3 Be6 11. Bb5+ Nd7 12. Nc3 a6 13. Ba4 b5 14.
Bb3 Nb6 15. Rd1 O-O-O 16. O-O Ne7 17. Nd4 Nc4 18. f4 Ne3 19. Rc1 Nxf1 20. Nxd5+ Kb8 21. Nxe7 Rxd4 22. Nc6+ Kb7 23. Nxd4 Bxb3 24. Nxb3 Ne3 25. Kf2 Nc4 26. Rc2 Rd8 27. Nc5+ Kb6 28. Ne4 Na5 29.
Nd6 Rd7 30. b3 Nc6 31. Ke3 Nd8 32. Ke4 Ne6 33. b4 f5+ 34. Ke3 g6 35. g3 Nc7 36.
Rd2 Ka7 37. h4 Rg7 38. Rc2 Ne6 39. Rc8 Rc7 40. Rxc7+ Nxc7 41. Kd4 Kb6 42. Nf7 Kc6 43.
Ng5 h6 44. Nf7 h5 45. Ng5 Kd7 46. Kc5 Na8 47. Nf3 Kc7 48. e6 1-0

[Event "Live Chess"]
[Site "Chess.com"]
[Date "2024.06.02"]
[Round "-"]
[White "upoe610"]
[Black "best137"]
[Result "1-0"]
[WhiteElo "2150"]
[BlackElo "1517"]
[TimeControl "300"]
[EndTime "7:55:14 PDT"]
[Termination "upoe610 won by resignation"]

1. c4 Nf6 2. g3 Nc6 3. Bg2 b6 4. d4 e6 5. a3 g6 6. Nc3 Bb7 7. d5 Na5 8. Qd4 Bg7 9. Qd3 Nb3 10. Rb1 Nxc1 11. Rxc1 O-O 12. Nf3 exd5 13. Nxd5 Re8 14. b4 a5 15. O-O axb4 16. axb4 c6 17. Nxf6+ Bxf6 18. Nd4 d5 19. b5 dxc4 20. Qxc4 cxb5 21. Nxb5 Ba6 22. Bxa8 Qxa8 23. Nc7 Bxc4 24. Nxa8 Bxe2 25.
Nc7 Rc8 26. Rfe1 Bg5 27. f4 Bd8 28. Rxe2 Rxc7 29. Rxc7 Bxc7 30. Re7 Bd6 31. Rb7 Kg7 32. Kg2 Bc5 33. Kf3 Kf6 34. g4 Ke6 35. Ke4 f5+ 36. gxf5+ gxf5+ 37. Kd3 h5 38. Rh7 Bd6 39. Rxh5 Bxf4 40.
h4 Kf6 41. Rh8 Bg3 42. h5 Kg7 43. Rc8 f4 44. Ke4 b5 45. Kf3 b4 46. Kg4 b3 47.
Rb8 f3 48. Kxg3 f2 49. Kxf2 1-0

[Event "Live Chess"]
[Site "Chess.com"]
[Date "2024.06.02"]
[Round "-"]
[White "juniortay"]
[Black "r0ad_t0-gm"]
[Result "0-1"]
[WhiteElo "2296"]
[BlackElo "2248"]
[TimeControl "300"]
[EndTime "7:55:18 PDT"]
[Termination "r0ad_t0-gm won on time"]

1. e4 c5 2. Nf3 Nc6 3. b4 Nxb4 4. c3 Nc6 5. d4 cxd4 6. cxd4 e6 7. Nc3 Bb4 8. Bd2 d5 9. e5 Nge7 10. Bd3 Nf5 11.
Bxf5 exf5 12. O-O Be6 13. Nb5 Be7 14. Re1 O-O 15. Rc1 a6 16. Nd6 Bxd6 17. exd6 Qxd6 18. g3 Rac8 19. Bf4 Qd7 20. Qd2 f6 21. h4 h5 22.
Qe3 Rfe8 23. Nd2 Bf7 24. Qd3 Na5 25. Rc5 Nc4 26. Rf1 b6 27. Rxc8 Rxc8 28. Nb3 Qe6 29. f3 Re8 30. Rf2 Qe1+ 31. Kg2 a5 32. Nd2 Nxd2 33.
Bxd2 Qe6 34. Qb3 Rc8 35. Bf4 Qc6 36. Rb2 b5 37. Qxb5 Qxb5 38. Rxb5 Rc2+ 39. Kf1 Rxa2 40. Rb7 a4 41. Ra7 Be8 42. Bd6 Bb5+ 43. Kg1 Bc4 44. Bc5 Bb3 45. Ra8+ Kf7 46. Ra7+ Kg6 47. Bf8 f4 48. gxf4 Kf5 49. Bd6 g6 50. Kf1 Bd1 51. Ra6 Bxf3 52. Be7 Kxf4 53. Rxf6+ Ke3 54. Re6+ Be4 55. Kg1 Kf3 56. Rf6+ Bf5 57. Bd6 a3 58. Rf8 Rg2+ 0-1

[Event "Live Chess"]
[Site "Chess.com"]
[Date "2024.06.02"]
[Round "-"]
[White "Dashman93"]
[Black "kylet1990"]
[Result "1-0"]
[WhiteElo "2148"]
[BlackElo "766"]
[TimeControl "300"]
[EndTime "7:55:32 PDT"]
[Termination "Dashman93 won by resignation"]

1. b3 d5 2. Bb2 Bf5 3. Nf3 e6 4.
e3 Nc6 5. d4 Bd6 6. Bb5 Qd7 7. Nbd2 a6 8. Bd3 Bg6 9. O-O O-O-O 10. Qe2 Nf6 11. Ne5 Nxe5 12. dxe5 Bxe5 13. Bxe5 h5 14. Nf3 h4 15. h3 Bxd3 16. cxd3 Nh5 17.
Rac1 f6 18. Rxc7+ Qxc7 19. Bxc7 1-0

[Event "Live Chess"]
[Site "Chess.com"]
[Date "2024.06.02"]
[Round "-"]
[White "Colm_Buckley"]
[Black "wadsy27"]
[Result "0-1"]
[WhiteElo "1879"]
[BlackElo "2603"]
[TimeControl "300"]
[EndTime "7:55:34 PDT"]
[Termination "wadsy27 won by resignation"]

1. d4 Nf6 2. c4 g6 3. Nc3 d5 4.
Nf3 Bg7 5. e3 O-O 6. Be2 dxc4 7.
Bxc4 c5 8. O-O cxd4 9. Nxd4 a6 10. a4 e5 11. Nf3 Nc6 12. h3 e4 13. Ng5 Ne5 14. Qb3 Nxc4 15. Qxc4 b5 16. Qe2 Bb7 17.
axb5 axb5 18. Rxa8 Qxa8 19. f4 b4 0-1

[Event "Live Chess"]
[Site "Chess.com"]
[Date "2024.06.02"]
[Round "-"]
[White "educatedlad"]
[Black "NeilDruggan73"]
[Result "1/2-1/2"]
[WhiteElo "1747"]
[BlackElo "1719"]
[TimeControl "300"]
[EndTime "7:55:42 PDT"]
[Termination "Game drawn - insufficient material"]

1. d4 Nf6 2. Bg5 Ne4 3. Bf4 c5 4. f3 Nf6 5. dxc5 Qa5+ 6. Qd2 Qxc5 7. Nc3 Qb6 8. e4 d6 9. Be3 Qa5 10. Nb5 Qxd2+ 11. Bxd2 Kd7 12. Nh3 h6 13. O-O-O a6 14.
Na3 b5 15. Bc3 g5 16. e5 Nh5 17. exd6 f6 18. dxe7+ Kxe7 19. Bb4+ Kf7 20. Bxf8 Rxf8 21. g4 Ng7 22. Bd3 Be6 23. Nf2 Nd7 24. Be4 Rab8 25.
b3 Ne5 26. Rhe1 h5 27. gxh5 Nxh5 28. Nd3 Nxd3+ 29. Bxd3 Nf4 30. Nb1 Nxd3+ 31. Rxd3 Rbc8 32. Nc3 Bf5 33. Rde3 b4 34. Ne4 Rfd8 35. R1e2 g4 36. fxg4 Bxg4 37. Rf2 f5 38. Ng5+ Kf6 39. h3 Kxg5 40. hxg4 fxg4 41. Re5+ Kh4 42. Rf4 Rg8 43. Ree4 a5 44. Kb2 Kh3 45. a3 g3 46. Rh4+ Kg2 47. axb4 axb4 48. Rxb4 Rcf8 49. Rbg4 Rxg4 50. Rxg4 Kf2 51.
c4 g2 52. b4 g1=Q 53. Rxg1 Kxg1 54. Kc3 Rf4 55. c5 Kf2 56. b5 Ke3 57. c6 Rf1 58. b6 Rc1+ 59. Kb4 Rxc6 60. Kb5 Rc1 61. b7 Kd4 62. Ka6 Rb1 63. Ka7 Ra1+ 64. Kb6 Rb1+ 65. Kc7 Kc5 66. b8=Q Rxb8 67. Kxb8 1/2-1/2

[Event "Live Chess"]
[Site "Chess.com"]
[Date "2024.06.02"]
[Round "-"]
[White "Pablo_dmp"]
[Black "Delacorta"]
[Result "0-1"]
[WhiteElo "1981"]
[BlackElo "1532"]
[TimeControl "300"]
[EndTime "7:55:42 PDT"]
[Termination "Delacorta won by checkmate"]

1. e4 e6 2. d4 d5 3. Nd2 dxe4 4. Nxe4 Bd7 5. Nf3 Bc6 6. Bd3 Nd7 7. O-O Ngf6 8. Bg5 Be7 9. Ng3 O-O 10. Re1 Re8 11.
c3 b6 12. Ne5 Nxe5 13. Rxe5 Bb7 14. h4 Nd5 15. Bxe7 Qxe7 16. Rg5 Nf4 17. Bc2 Nxg2 18. Qh5 g6 19. Qg4 Qd6 20. h5 Nf4 21.
hxg6 Nxg6 22. Bxg6 fxg6 23. Re1 Bd5 24. b3 Rf8 25.
Rge5 Bf3 26. Qh3 Rf6 27. Qh4 Raf8 28. Ne4 Bxe4 29. R1xe4 Qe7 30. Rf4 Qf7 31. Rg4 Rxf2 32. Re1 Rf1+ 33. Kg2 Qf3+ 34. Kh2 Qh1+ 35. Kg3 R8f3# 0-1

[Event "Live Chess"]
[Site "Chess.com"]
[Date "2024.06.02"]
[Round "-"]
[White "DarranAS"]
[Black "ShanthamGrarks"]
[Result "0-1"]
[WhiteElo "1422"]
[BlackElo "1900"]
[TimeControl "300"]
[EndTime "7:56:01 PDT"]
[Termination "ShanthamGrarks won by resignation"]

1. e4 e5 2. Nf3 d5 3. exd5 Bd6 4. Nc3 f5 5. Bb5+ Bd7 6. Bxd7+ Nxd7 7. O-O Ngf6 8. Re1 O-O 9. d3 a6 10. Bg5 Qe8 11. Ne2 Qg6 12. Bxf6 Nxf6 13. Nh4 Qh5 14. g3 g5 15. Ng2 f4 16. Nc3 f3 17. Ne3 Bc5 18.
Qd2 Qh3 19. Ne4 Nxe4 20. dxe4 Bxe3 21. fxe3 f2+ 0-1

[Event "Live Chess"]
[Site "Chess.com"]
[Date "2024.06.02"]
[Round "-"]
[White "Demyan7777"]
[Black "Bunny55"]
[Result "1-0"]
[WhiteElo "1878"]
[BlackElo "1160"]
[TimeControl "300"]
[EndTime "7:56:04 PDT"]
[Termination "Demyan7777 won by resignation"]

1. e4 c5 2. Nf3 d6 3. d4 cxd4 4. Nxd4 Nf6 5. Nc3 g6 6. f3 Bg7 7.
Be3 O-O 8. Bc4 Nc6 9. Qd2 Bd7 10. O-O-O Rc8 11. Kb1 Na5 12. Bb3 Nxb3 13. Nxb3 a6 14. h4 b5 15. h5 a5 16. hxg6 fxg6 17. Bh6 Rxc3 18. Qxc3 Bxh6 19. Rxh6 a4 20. Nd4 e5 21. Nc6 Bxc6 22. Qxc6 Qe7 23. Qxd6 Qxd6 24. Rxd6 Kg7 25. Rh1 Rc8 26. c3 Nh5 27. Rd7+ Kf6 28. g4 1-0

[Event "Live Chess"]
[Site "Chess.com"]
[Date "2024.06.02"]
[Round "-"]
[White "ProfessorChess101"]
[Black "Frankie_Badacsonyi"]
[Result "1-0"]
[WhiteElo "2740"]
[BlackElo "2368"]
[TimeControl "300"]
[EndTime "7:56:07 PDT"]
[Termination "ProfessorChess101 won by resignation"]

1. d4 Nf6 2. c4 e6 3. Nc3 Bb4 4.
Nf3 c5 5. e3 Nc6 6. Bd2 cxd4 7.
exd4 d5 8. c5 O-O 9. Bd3 b6 10. a3 Bxc3 11. Bxc3 bxc5 12. dxc5 e5 13. Bb5 Bd7 14. Bxc6 Bxc6 15. Nxe5 Re8 16. O-O Rc8 17. Qd4 1-0

[Event "Live Chess"]
[Site "Chess.com"]
[Date "2024.06.02"]
[Round "-"]
[White "lyricalschemes"]
[Black "Plimsol"]
[Result "0-1"]
[WhiteElo "2217"]
[BlackElo "2374"]
[TimeControl "300"]
[EndTime "7:56:27 PDT"]
[Termination "Plimsol won by resignation"]

1. e4 c5 2. Nf3 d6 3. Bb5+ Nd7 4. Bxd7+ Qxd7 5. O-O b6 6. Re1 e6 7. c3 Bb7 8. d4 cxd4 9. cxd4 Nf6 10. Nc3 Be7 11. Bg5 O-O 12. e5 Nd5 13. Bxe7 Nxc3 14. bxc3 Qxe7 15.
Rc1 Rfd8 16. Qe2 Bxf3 17. Qxf3 Rac8 18. exd6 Qxd6 19. Qe4 Qd5 20. Kf1 Qxa2 21. c4 Rxc4 22. Ra1 Qd2 23. Rxa7 Qxd4 24. Qf3 Qf6 25. Qxf6 gxf6 26.
Rb1 Rc2 27. g3 Rdd2 28. Rxb6 Rxf2+ 29. Ke1 Rxh2 30. Kd1 Rcg2 0-1

[Event "Live Chess"]
[Site "Chess.com"]
[Date "2024.06.02"]
[Round "-"]
[White "MagnersCarlsberg2870"]
[Black "grillage"]
[Result "0-1"]
[WhiteElo "1770"]
[BlackElo "1859"]
[TimeControl "300"]
[EndTime "7:56:48 PDT"]
[Termination "grillage won by resignation"]

1. d4 e6 2. Nd2 Nf6 3. e3 c5 4. c3 cxd4 5. exd4 Be7 6. Bd3 b6 7. Ngf3 Ba6 8. Qe2 Bxd3 9. Qxd3 O-O 10. h4 d6 11. Ng5 h6 12. Ndf3 Nbd7 13. Ne4 e5 14. g4 exd4 15. g5 Nxe4 16. Qxe4 Nc5 17. Qd3 Nxd3+ 0-1

[Event "Live Chess"]
[Site "Chess.com"]
[Date "2024.06.02"]
[Round "-"]
[White "LL220284LL"]
[Black "DavrosLight"]
[Result "1-0"]
[WhiteElo "2467"]
[BlackElo "802"]
[TimeControl "300"]
[EndTime "7:56:50 PDT"]
[Termination "LL220284LL won by checkmate"]

1. e3 d5 2. b4 a6 3. Bb2 Nc6 4.
a3 e5 5. d3 Nf6 6. Nf3 Bg4 7.
Be2 e4 8. dxe4 Nxe4 9. Nbd2 Bxf3 10. Bxf3 Qh4 11. O-O Bd6 12. g3 Nxg3 13. hxg3 Qg5 14. Bg2 O-O-O 15. Nf3 Qg4 16. Nd4 Qxd1 17. Raxd1 Nxd4 18.
Bxd4 c6 19. Bxg7 Rhg8 20. Bf6 Rde8 21. c4 c5 22. Rxd5 Re6 23. Bc3 cxb4 24. axb4 Reg6 25. c5 Bxg3 26. fxg3 Rxg3 27. Rf2 h5 28. Kh2 h4 29.
Bh3+ Kc7 30. Be5+ Kc6 31. Rd4 Rxe3 32. Bd7# 1-0

[Event "Live Chess"]
[Site "Chess.com"]
[Date "2024.06.02"]
[Round "-"]
[White "davigator"]
[Black "E2E4colchester"]
[Result "1-0"]
[WhiteElo "2336"]
[BlackElo "1162"]
[TimeControl "300"]
[EndTime "7:57:09 PDT"]
[Termination "davigator won by resignation"]

1. e4 e5 2. Nf3 Nc6 3. Bc4 d6 4. c3 Nf6 5. d3 g6 6. O-O Bg7 7. Re1 O-O 8. h3 Re8 9. a4 Be6 10. Bb5 Qd7 11. d4 a6 12. Bxc6 bxc6 13. dxe5 dxe5 14.
Qe2 Nh5 15. Na3 Nf4 16. Bxf4 exf4 17. Rad1 Qe7 18. Nd4 c5 19. Ndc2 a5 20. Nb5 c6 21.
Nd6 Red8 22. Nc4 Rd7 23. Rxd7 Bxd7 24. N2a3 Be5 25. f3 f5 26. exf5 Bd4+ 27. cxd4 Qxe2 28.
Rxe2 cxd4 29. fxg6 hxg6 30. Re7 Bf5 31. Ne5 d3 32.
Nac4 Rd8 33. Rc7 d2 34. Nxd2 Rxd2 35. Nxc6 Rxb2 36. Nxa5 Rb1+ 37. Kh2 Ra1 38. Rc4 Be6 39. Rxf4 Kg7 40. Nb7 Bf5 41. Nd6 Bd7 42. Rf7+ Kh6 43. Rxd7 1-0

[Event "Live Chess"]
[Site "Chess.com"]
[Date "2024.06.02"]
[Round "-"]
[White "elephantgerrald"]
[Black "JanMur7"]
[Result "0-1"]
[WhiteElo "852"]
[BlackElo "2283"]
[TimeControl "300"]
[EndTime "7:57:11 PDT"]
[Termination "JanMur7 won on time"]

1. e4 e5 2. Nf3 Nc6 3. Bc4 Nf6 4.
Nc3 Bc5 5. O-O d6 6. Ng5 O-O 7. Nf3 Bg4 8. d3 Nd4 9. Be3 Nxf3+ 10. gxf3 Bh3 11. Re1 Nh5 12. f4 Nxf4 13. Bxf4 exf4 14. Qh5 Qd7 15. e5 g6 16. Qh4 dxe5 17. Nd5 Qg4+ 18.
Qxg4 Bxg4 19. Nxc7 Rac8 20. Nb5 a6 21. Na3 Bxa3 22. bxa3 b5 23. Bd5 Rfe8 24. c4 bxc4 25. dxc4 Be6 26. Bxe6 Rxe6 27. Rac1 f6 28. Re4 Rec6 29.
a4 Kf7 30. Kg2 Ke6 31. f3 g5 32. h3 f5 33. Kf2 Rxc4 34. Rcxc4 fxe4 35. Rxc8 e3+ 0-1

[Event "Live Chess"]
[Site "Chess.com"]
[Date "2024.06.02"]
[Round "-"]
[White "FlyingChessKestrel13"]
[Black "Queensandpawns"]
[Result "1/2-1/2"]
[WhiteElo "2058"]
[BlackElo "2256"]
[TimeControl "300"]
[EndTime "7:57:11 PDT"]
[Termination "Game drawn by agreement"]

1. e4 e5 2. Nf3 Nf6 3. d4 exd4 4. e5 Nd5 5. Qxd4 Nb6 6. Nc3 Nc6 7. Qe4 Bc5 8. Bd3 Nb4 9. O-O Nxd3 10. cxd3 O-O 11.
d4 Be7 12. d5 d6 13. Bf4 dxe5 14. Bxe5 Bf6 15. Rfd1 Re8 16. Bxf6 gxf6 17. Qd4 Bf5 18. Qf4 Bg6 19. h4 h5 20. g4 hxg4 21.
Qxg4 Qd7 1/2-1/2

[Event "Live Chess"]
[Site "Chess.com"]
[Date "2024.06.02"]
[Round "-"]
[White "DJ_Lambton"]
[Black "Duke_of_Bebington"]
[Result "1/2-1/2"]
[WhiteElo "1793"]
[BlackElo "1579"]
[TimeControl "300"]
[EndTime "7:57:18 PDT"]
[Termination "Game drawn by agreement"]

1. c4 c6 2. g3 d5 3. Nf3 e6 4.
Bg2 Bd6 5. O-O Ne7 6. b3 O-O 7.
Bb2 b6 8. d3 Bb7 9. Nbd2 Nd7 10. e4 dxc4 11. dxc4 e5 12. Qe2 Ng6 13. Rfd1 Nf6 14.
Nxe5 Nxe5 15. Bxe5 Bxe5 16. Rac1 Qe7 17. f4 Bd4+ 18. Kh1 c5 19. e5 Bxg2+ 20. Kxg2 Qb7+ 21. Nf3 Nd7 22. e6 fxe6 23. Qxe6+ Kh8 24. Re1 Nf6 25.
Rcd1 Rae8 26. Qf5 1/2-1/2

[Event "Live Chess"]
[Site "Chess.com"]
[Date "2024.06.02"]
[Round "-"]
[White "blunderabit"]
[Black "StoreySniper"]
[Result "0-1"]
[WhiteElo "1767"]
[BlackElo "2489"]
[TimeControl "300"]
[EndTime "7:57:22 PDT"]
[Termination "StoreySniper won by resignation"]

1. c4 g6 2. Nc3 Bg7 3. g3 d6 4.
Bg2 e5 5. e3 f5 6. Nge2 Nf6 7.
d3 O-O 8. O-O Nc6 9. b3 g5 10. Qd2 Kh8 11. f4 gxf4 12. gxf4 Rg8 13. Kh1 Ng4 14. Qe1 Nb4 15. Qd2 Qh4 16. h3 Nf2+ 17.
Kh2 Nbxd3 18. Ba3 Bf6 19. Nd5 Rxg2+ 20. Kxg2 Qxh3+ 0-1

[Event "Live Chess"]
[Site "Chess.com"]
[Date "2024.06.02"]
[Round "-"]
[White "Frankie_Badacsonyi"]
[Black "Bunny55"]
[Result "1-0"]
[WhiteElo "2368"]
[BlackElo "1160"]
[TimeControl "300"]
[EndTime "7:57:47 PDT"]
[Termination "Frankie_Badacsonyi won by resignation"]

1. Nf3 Nf6 2. g3 g6 3. Bg2 Bg7 4. O-O O-O 5. c4 d6 6. Nc3 e5 7. d4 exd4 8. Nxd4 Nc6 9. Nxc6 bxc6 10. Bxc6 Rb8 11. Bg2 h6 12. b3 Nh7 13. Bb2 a5 14. Qd2 a4 15. Nxa4 Bd7 16. Bxg7 Kxg7 17. Nc3 Re8 18. Rfd1 Kg8 19. e3 c5 20. Qxd6 1-0

[Event "Live Chess"]
[Site "Chess.com"]
[Date "2024.06.02"]
[Round "-"]
[White "goldinspiredphoenix"]
[Black "Cruiseylee78"]
[Result "0-1"]
[WhiteElo "1489"]
[BlackElo "1698"]
[TimeControl "300"]
[EndTime "7:57:55 PDT"]
[Termination "Cruiseylee78 won by resignation"]

1. d4 d5 2. c4 Bf5 3. Nc3 e6 4. Bf4 c6 5. e3 Nd7 6. Nf3 Ngf6 7.
cxd5 exd5 8. Ne5 Nxe5 9. Bxe5 Bd6 10. Bxd6 Qxd6 11. Be2 O-O-O 12. Qb3 Qc7 13. Rc1 a6 14.
h3 Ne4 15. Nxe4 Bxe4 16. Bg4+ f5 17. Bf3 Bxf3 18. gxf3 Rhe8 19. Rc3 Qa5 20. a3 Qb5 21. Qxb5 axb5 22. Kd2 f4 23. Rhc1 fxe3+ 24. fxe3 Rf8 25. f4 Rf5 26. Ke2 Rh5 27. Rh1 Re8 28. Kf3 Re6 29.
b4 Kd7 30. Kg3 Rg6+ 31. Kf3 Rgh6 32. Kg4 Rh4+ 33. Kg3 R4h5 34. h4 Rg6+ 35. Kh3 Rgh6 36. Kg4 g6 37. a4 bxa4 38. Ra3 b5 39. Rc3 Kd6 40. Rhc1 Rxh4+ 41. Kf3 Rh3+ 42. Ke2 Rh2+ 43. Kd3 Kd7 44. Rxc6 g5 45. Rxh6 Rxh6 46. fxg5 Rg6 47. Rg1 h6 48. Rf1 Rxg5 49. Rf7+ Ke6 50. Ra7 h5 51. Ra6+ Kf5 52. Ra5 h4 53. Rxb5 h3 54. Rxd5+ Kg4 55. Rxg5+ Kxg5 56. b5 h2 57. b6 h1=Q 58. e4 Qb1+ 59. Kc4 Qxb6 0-1

[Event "Live Chess"]
[Site "Chess.com"]
[Date "2024.06.02"]
[Round "-"]
[White "wadsy27"]
[Black "Hazban"]
[Result "1-0"]
[WhiteElo "2604"]
[BlackElo "2054"]
[TimeControl "300"]
[EndTime "7:58:09 PDT"]
[Termination "wadsy27 won by resignation"]

1. c4 Nf6 2. g3 c6 3. Nf3 d5 4. Bg2 dxc4 5. O-O b5 6. a4 Bb7 7. d3 cxd3 8. Ne5 a6 9. Qxd3 Qxd3 10. Nxd3 e6 11. Nd2 Nbd7 12. Nb3 c5 13. Bxb7 Ra7 14. Bc6 c4 15. axb5 Kd8 16. Be3 Rc7 17. bxa6 cxd3 18.
a7 Rxa7 19. Rxa7 dxe2 20. Re1 Bb4 21. Rxe2 Rf8 22. Bg5 1-0

[Event "Live Chess"]
[Site "Chess.com"]
[Date "2024.06.02"]
[Round "-"]
[White "Purple1szed"]
[Black "KyryloPoluliakh"]
[Result "1-0"]
[WhiteElo "2007"]
[BlackElo "1535"]
[TimeControl "300"]
[EndTime "7:58:14 PDT"]
[Termination "Purple1szed won on time"]

1. e4 c5 2. c3 Nf6 3. e5 Nd5 4. d4 cxd4 5. cxd4 Nc6 6. Bc4 Nb6 7. Bb3 d6 8. Nf3 dxe5 9. Nxe5 Nxe5 10. dxe5 Qxd1+ 11. Bxd1 Bf5 12. Nc3 e6 13. Bf3 Rb8 14.
Be3 Nc4 15. Bxa7 Ra8 16. Bd4 Nxb2 17. Nb5 Bb4+ 18. Bc3 Nd3+ 19. Ke2 Bxc3 20. Nxc3 Rb8 21. g3 Nxe5 22. Bg2 Bd3+ 23. Ke3 Bg6 24. Rhd1 O-O 25. h3 b6 26. a4 Rfd8 27. Nb5 Rxd1 28. Rxd1 h6 29. f4 Nc4+ 30. Kf2 Nb2 31. Rd4 Ra8 32.
Bxa8 Nd3+ 33. Ke3 Nc5 34. Nd6 Bc2 35. Bc6 Bb3 36. Ne4 Na6 37. Bb5 Nc7 38. Rd8+ Kh7 39.
Rd7 Nd5+ 40. Kd4 Kg8 41. Nd2 Bc2 42. Nc4 f5 43. Rb7 Be4 44. Nxb6 Nb4 45. Rb8+ Kh7 46. Nd7 Nc2+ 47. Kc3 Kg6 48. Nf8+ Kf7 49. Nd7 Ne3 50.
Nc5 Nd5+ 51. Kd4 Bg2 52. h4 Nc7 53. Rb6 Bd5 54. a5 Na8 55. Bc6 Nxb6 56. axb6 Bxc6 57. b7 Bxb7 58. Nxb7 Kf6 59. Nc5 g5 60. Nd7+ Ke7 61.
Ne5 gxf4 62. gxf4 Kf6 63. h5 Ke7 64. Kc5 Kf6 65. Kc6 Ke7 66. Kc7 Kf6 67. Kd6 Kg7 68. Kxe6 Kf8 69. Kxf5 Kg7 70. Ke6 Kh7 71. Kf6 Kg8 72.
Kg6 Kf8 73. Kxh6 Kg8 74. Kg6 Kf8 75. f5 Kg8 76. f6 Kf8 77. f7 Ke7 78. Nc6+ Ke6 79.
f8=Q Kd5 80. Qf5+ Kc4 81. h6 Kc3 82. h7 1-0

[Event "Live Chess"]
[Site "Chess.com"]
[Date "2024.06.02"]
[Round "-"]
[White "stevochess11"]
[Black "gmnorfolk"]
[Result "1-0"]
[WhiteElo "1708"]
[BlackElo "2118"]
[TimeControl "300"]
[EndTime "7:58:25 PDT"]
[Termination "stevochess11 won by resignation"]

1. d4 Nf6 2. Nf3 g6 3. Nc3 d5 4. Bf4 Bg7 5. e3 O-O 6. Be2 c5 7. Ne5 cxd4 8. exd4 Nc6 9. O-O Bf5 10. g4 Be6 11.
Qd2 Ne4 12. Nxe4 dxe4 13. Nxc6 bxc6 14. c3 Qc8 15. h3 h5 16. gxh5 Bxh3 17. Rfe1 gxh5 18.
Bxh5 f5 19. Re3 Bg4 20. Bxg4 fxg4 21. Rg3 Qf5 22. Bh6 Rf6 23. Bxg7 Kxg7 24. Qe2 Rg6 25. Re1 Rf8 26. Re3 Rh8 27. Rxe4 Kh6 28. Qe3+ Kh5 29. Re5 1-0

[Event "Live Chess"]
[Site "Chess.com"]
[Date "2024.06.02"]
[Round "-"]
[White "DylanMeyer1"]
[Black "Mangoalo"]
[Result "1-0"]
[WhiteElo "1716"]
[BlackElo "1080"]
[TimeControl "300"]
[EndTime "7:58:35 PDT"]
[Termination "DylanMeyer1 won by resignation"]

1. c4 e6 2. Nc3 Bb4 3. Qc2 Nf6 4. a3 Bxc3 5. Qxc3 O-O 6. Nf3 Nc6 7. e3 Re8 8. Be2 d5 9. cxd5 exd5 10. d4 Bg4 11.
O-O Qe7 12. b4 Rad8 13. Bb2 h6 14. h3 Ne4 15. Qc2 Bf5 16. Qd1 a6 17. Rc1 Ng5 18.
Ne5 Nxe5 19. dxe5 Qxe5 20. Bxe5 1-0